 Dungeon Crawl Stone Soup version 0.21-a0-440-g28109cb (webtiles) character file.

106 Gildeon the Shield-Bearer (level 4, 22/40 HPs)
             Began as a Deep Dwarf Fighter on Nov 1, 2017.
             Quit the game on level 2 of the Dungeon on Nov 10, 2017.
             The game lasted 00:33:03 (1937 turns).

Gildeon the Shield-Bearer (Deep Dwarf Fighter)      Turns: 1937, Time: 00:33:03

Health: 22/40      AC: 11    Str: 21    XL:     4   Next: 55%
Magic:  12/12      EV:  4    Int:  8    God:
Gold:   51         SH: 10    Dex: 12    Spells: 3/3 levels left

rFire    . . .     SeeInvis .   a - +0 war axe
rCold    . . .     Gourm    .   c - +0 shield
rNeg     . . .     Faith    .   j - +0 plate armour
rPois    .         Spirit   .   (no helmet)
rElec    .         Reflect  .   (no cloak)
rCorr    .         Harm     .   (no gloves)
MR       .....                  (no boots)
Stlth    ..........             (no amulet)
HPRegen  0.00/turn              u - ring of magical power
MPRegen  0.13/turn              (no ring)

@: non-regenerating
A: damage resistance, heal wounds, sense surroundings 1, no regeneration
a: Heal Wounds


You were on level 2 of the Dungeon.
You were not hungry.

You visited 1 branch of the dungeon, and saw 2 of its levels.

You collected 51 gold pieces.

Inventory:

Hand Weapons
 a - a +0 war axe (weapon)
 h - a +0 dagger
 i - a +1 dagger of protection
 m - a +0 club
 n - a +0 dagger
 o - a +0 club
 p - a +0 club
 q - a +0 dagger
 s - a +0 club
 t - a +0 spear
 w - a +0 club
 x - a +0 flail
 y - a +0 club
 z - a +0 club
 A - a +0 spear
Missiles
 g - 23 arrows
 r - 59 stones (quivered)
 v - 19 sling bullets
Armour
 b - a +0 scale mail
 c - a +0 shield (worn)
 j - a +0 plate armour (worn)
Jewellery
 u - a ring of magical power (left hand)
Scrolls
 l - 4 scrolls of teleportation
Potions
 d - a potion of might
 k - a potion of berserk rage
Books
 e - a book of Maledictions

   Spells                             Type                      Level
   a - Corona                         Hexes                        1
   b - Ensorcelled Hibernation        Hexes/Ice                    2
   c - Confuse                        Hexes                        3
   d - Tukima's Dance                 Hexes                        3
   e - Dazzling Spray                 Conjuration/Hexes            3
Comestibles
 f - a bread ration


   Skills:
 * Level 2.9 Fighting
 + Level 3.5 Axes
 + Level 3.9 Armour
 * Level 4.5 Shields


You had 3 spell levels left.
You didn't know any spells.

Dungeon Overview and Level Annotations

Branches:
Dungeon (2/15)

Altars:
Elyvilon


Innate Abilities, Weirdness & Mutations

You are resistant to damage.
You can heal yourself by infusing magical energy.
You passively map a small area around you.
You do not regenerate.


Message History

You closely miss the gnoll. The gnoll barely misses you.
You hit the gnoll. The gnoll barely misses you. You block the gnoll's attack.
You closely miss the gnoll. You block the gnoll's attack.
You slash the gnoll!
You kill the gnoll!
You swing at nothing.
You swing at nothing.
You see here a spear.
A - a spear
r - 59 stones (gained 1)
There are no items here.
x - a +0 flail (weapon)
A - a +0 spear (weapon)
a - a +0 war axe (weapon)
There isn't anything here!
Okay, then.
Save game and exit?
Welcome back, Gildeon the Deep Dwarf Fighter.
Press ? for a list of commands and other information.
Are you sure you want to abandon this character and quit the game? (Confirm with "yes".)

#.#*
#.##..#...###...###.†. #.#
,* #.##.........._......†
#.# ,
#.##..#...###...###... #.#
,,#.##..#####.##.##.####
#.#
####.##.........#.##.....
#..
,#....##........##.##.....
#.###..........#...#.....
# * #.†........#...#.....
+...@......#...#..... **
#.....#######.##....#
#.....# #....######
#.....# #....#####.
#.....# #.......#..
#.....# #....##....
####### #....####.. #....#
##. #....# ##


There were no monsters in sight!

Vanquished Creatures
  3 adders (D:2)
  4 gnolls (D:2)
  2 worms (D:2)
  3 leopard geckos
  3 giant cockroaches
  3 goblins
  3 hobgoblins
  4 kobolds
  A ball python (D:2)
  2 bats
  2 frilled lizards (D:1)
  5 rats
  3 plants (D:2)
38 creatures vanquished.

Notes
Turn   | Place    | Note
-------+----------+-------------------------------------------
     0 | D:1      | Gildeon the Deep Dwarf Fighter began the quest for the Orb.
     0 | D:1      | Reached XP level 1. HP: 20/20 MP: 1/1
   251 | D:1      | Reached XP level 2. HP: 22/27 MP: 2/2
   662 | D:1      | Upgraded the game from 0.21-a0-405-gf2af9a1 to 0.21-a0-414-gba8bdf1
  1416 | D:2      | Reached XP level 3. HP: 33/33 MP: 2/2
  1576 | D:2      | Found a white marble altar of Elyvilon.
  1603 | D:2      | Found a white marble altar of Elyvilon.
  1773 | D:2      | Reached skill level 4 in Shields
  1900 | D:2      | Reached XP level 4. HP: 24/40 MP: 3/3
  1936 | D:2      | Upgraded the game from 0.21-a0-414-gba8bdf1 to 0.21-a0-440-g28109cb
  1937 | D:2      | Quit the game

Vault maps used:
D:1:      grunt_arrival_crossed_arrows, minmay_ruptured
D:2:      lemuel_round_altar, serial_bayou_ford_a, grunt_ministairs_14,
          grunt_decor_arrowhead, elyvilon_altar_1

Skill      XL: |  1  2  3 |
---------------+----------+-----
Axes           | 3 |  3.5
Shields        | 4 |  4.5
Fighting       | |  2.9
Armour         | |  3.9

Action                   |  1- 3 |  4- 6 || total
-------------------------+-------+-------++-------
Melee: War axe           |   112 |       ||   112
Throw: Stone             |     1 |       ||     1
 Abil: Heal Wounds       |     1 |       ||     1
  Use: Scroll            |     5 |       ||     5
  Eat: Bread ration      |     1 |       ||     1
Armor: Scale mail        |    24 |       ||    24
       Plate armour      |    74 |    13 ||    87
Dodge: Dodged            |    33 |     3 ||    36
Block: Shield            |   101 |    10 ||   111

Table legend:
 A = Spawn XP
 B = Non-spawn XP
 C = Spawn XP percentage of total XP
 D = Spawn monster count
 E = Non-spawn monster count
 F = Spawn count percentage of total count
 G = Total turns spent on level
                    A         B        C        D         E        F      G
               +---------+---------+-------+---------+---------+-------+---------
         Total |       0 |     152 |   0.0 |       0 |      35 |   0.0 |  1937
               +---------+---------+-------+---------+---------+-------+---------
           D:1 |       0 |      30 |   0.0 |       0 |      18 |   0.0 |  1410
           D:2 |       0 |     122 |   0.0 |       0 |      17 |   0.0 |   527
               +---------+---------+-------+---------+---------+-------+---------
